Match 48316232
Unlisted

Match 48316232
End
Selects Armored Battlegroup
Selects Assault Engineers
Assault Engineer Squad
Assault Engineer Squad
Construct Weapon Support Center
M1919 Machine Gun Team
Construct Medical Station
Sniper
.30 cal Machine Gun
Assault Engineer Squad
Air Support Center
Bazooka Squad
Grasshopper Recon Run
Bazooka Squad
P-47 Strafing Run
_BoRaD_
Master_Baiter
Evelynn
kashtanhcik
0
0

Comments sign in to comment!

No comments posted yet!